 Dungeon Crawl Stone Soup version 0.18-a0-1778-gadce9fa (webtiles) character file.

3969 4thArraOfDagon the Grappler (level 10, -2/144 HPs)
             Began as a Troll Earth Elementalist on Apr 16, 2016.
             Was an Elder of Okawaru.
             Killed by divine providence
             ... invoked by an orc priest
              (12 damage)
             ... on level 10 of the Dungeon.
             The game lasted 00:13:25 (2522 turns).

4thArraOfDagon the Grappler (TrEE)                  Turns: 2522, Time: 00:13:26

Health: -2/144     AC: 25    Str: 16 (18) XL:     10   Next: 2%
Magic:  13/13      EV:  1    Int: 13 (14) God:    Okawaru [****..]
Gold:   345        SH:  4    Dex: 12 (15) Spells: 1 memorised, 9 levels left

rFire  . . .     SeeInvis .       - Unarmed
rCold  . . .     Gourm    +     (armour currently unavailable)
rNeg   + + +     Faith    .     (no shield)
rPois  +         Spirit   .     (helmet currently unavailable)
rElec  .         Dismiss  .     (cloak currently unavailable)
rCorr  .         Reflect  +     (gloves unavailable)
SustAt .         Harm     .     (boots unavailable)
MR     .....     NoTele   +     h - +4 amulet of reflection
Stlth  +++.......               (no ring)
                                (no ring)

@: agile, exhausted, tree-form, very slightly contaminated, hasted and slowed,
invisible, not resistant to hostile enchantments, fairly stealthy
A: unfitting armour, (claws 0), rugged brown scales 1, fast metabolism 3,
gourmand, (poison resistance), regeneration 2, (shaggy fur 0), (tough skin 0)
a: Heroism, Renounce Religion


You were on level 10 of the Dungeon.
You worshipped Okawaru.
Okawaru was greatly pleased with you.
You were full.
You were a tree.
You visited 1 branch of the dungeon, and saw 12 of its levels.

You collected 345 gold pieces.

Inventory:

Hand Weapons
 n - a +0 blowgun
Missiles
 o - 46 poisoned needles
Armour
 a - a +0 robe (melded)
 r - a +0 cloak (melded)
Jewellery
 h - a +4 amulet of reflection (around neck)
 v - an uncursed ring of fire
 D - an uncursed ring of fire
Wands
 l - a wand of polymorph (4/24)
 B - a wand of slowing (15/48)
 E - a wand of lightning (5/15)
Scrolls
 b - a scroll of immolation {unknown}
 c - a scroll of random uselessness {unknown}
 e - 5 scrolls of remove curse
 f - a scroll of magic mapping {unknown}
 g - a scroll of recharging {unknown}
 i - 2 scrolls of fear {unknown}
 j - a scroll of teleportation {unknown}
 m - a scroll of enchant weapon {unknown}
 p - 4 scrolls of identify {unknown}
 w - 2 scrolls of amnesia {unknown}
 y - a scroll of enchant armour {unknown}
 G - a scroll of blinking {unknown}
 H - a scroll of fog {unknown}
Potions
 t - a potion of curing
 z - 2 potions of agility
 C - a potion of lignification
Comestibles
 d - 6 bread rations
 s - 5 fruits
 u - a meat ration
 F - 2 slices of pizza


   Skills:
 + Level 4.6 Fighting
 + Level 5.2 Dodging
 - Level 1.1 Stealth
 * Level 10.0 Unarmed Combat
 - Level 1.2 Spellcasting
 - Level 0.6 Transmutations
 - Level 2.6 Earth Magic
 + Level 5.4 Invocations


You had 9 spell levels left.
You knew the following spells:

 Your Spells              Type           Power        Failure   Level  Hunger
b - Passwall              Trmt/Erth      #.........   24%         2    ###....


Dungeon Overview and Level Annotations

Branches:
Dungeon (12/15)
 Temple: D:4-7         Lair: D:8-11         Orc: D:9-12

Altars:
Cheibriados
Gozag
Okawaru
Ru
Sif Muna
Vehumet


Innate Abilities, Weirdness & Mutations

You are too large for most types of armour.
((You have claws for hands.))
Your metabolism is lightning-fast.
You like to eat raw meat.
You heal very quickly.
((You are covered in fur (AC +1).))
((You have very tough skin (AC +2).))
(You are partially covered in rugged brown scales (AC +1, +3% HP).)
((Your system is resistant to poisons.))


Message History

Unknown command.
Unknown command.
The orc priest shouts!
You hit the orc.
The orc is lightly wounded.
You block the orc's attack.
Unknown command.
You strike the helpless orc from behind!
You pummel the orc!!
You kill the orc!
Okawaru accepts your kill.
An orc wizard comes into view. It is wielding a dagger.
Unknown command.
Unknown command.
You catch the helpless orc completely off-guard!
You hit the orc.
The orc is heavily wounded.
The orc priest calls down the wrath of Beogh upon you.
Beogh smites you!
You die...

#.# ...
..... #?#.#
.o#.. #.#.#
#o#.# ## #
#♣#.# )#
.oo##.##)#.#
.##
.ooo.(.'.'.+
..
...##.##.#.#
.# #.
#.#.##.
#.#.#.#.#
#.#.#.#.#
#..#..##
#.#.######


You could see an orc priest and an orc.

Vanquished Creatures
  A centaur warrior (D:9)
  Joseph (D:10)
  A troll (D:10)
  A slime creature (D:7)
  A wraith (D:6)
  A hippogriff (D:7)
  An ice beast (D:11)
  3 ogres
  A sky beast (D:10)
  3 centaurs
  A big kobold (D:10)
  3 scorpions
  A water moccasin skeleton (D:4)
  A killer bee (D:7)
  4 wights (D:7)
  A howler monkey (D:6)
  A crimson imp (D:7)
  A giant frog zombie (D:9)
  A centaur zombie (D:11)
  A quasit (D:6)
  7 jellies (D:7)
  An orc priest (D:7)
  4 hounds
  A gnoll shaman (D:6)
  A centaur skeleton (D:8)
  3 orc wizards
  3 giant frog skeletons
  2 iguanas
  4 worker ants
  A hound zombie (D:7)
  7 gnolls
  A howler monkey skeleton (D:4)
  8 adders
  2 shadow imps
  14 oozes (D:7)
  An adder skeleton (D:7)
  A worm (D:2)
  A giant gecko (D:6)
  11 orcs
  3 giant cockroaches
  3 goblins
  4 hobgoblins
  6 jackals
  A quokka (D:2)
  2 bats (D:3)
  A giant cockroach zombie (D:6)
  3 giant newts
  A jackal skeleton (D:7)
  11 kobolds
  A quokka skeleton (D:4)
  A quokka zombie (D:7)
  3 rats
142 creatures vanquished.

Vanquished Creatures (others)
  5 fungi (D:7)
5 creatures vanquished.

Grand Total: 147 creatures vanquished

Notes
Turn   | Place    | Note
--------------------------------------------------------------
     0 | D:1      | 4thArraOfDagon the Troll Earth Elementalist began the quest for the Orb.
     0 | D:1      | Reached XP level 1. HP: 16/16 MP: 1/1
    39 | D:2      | Reached skill level 1 in Unarmed Combat
   133 | D:2      | Reached XP level 2. HP: 20/24 MP: 2/2
   166 | D:2      | Found an iron altar of Okawaru.
   172 | D:2      | Reached skill level 2 in Unarmed Combat
   183 | D:2      | Became a worshipper of Warmaster Okawaru
   332 | D:3      | Found a sacrificial altar of Ru.
   342 | D:3      | Reached skill level 3 in Unarmed Combat
   342 | D:3      | Reached XP level 3. HP: 31/31 MP: 3/3
   389 | D:3      | Found a radiant altar of Vehumet.
   549 | D:3      | Reached XP level 4. HP: 33/39 MP: 4/4
   592 | D:4      | Reached skill level 4 in Unarmed Combat
   631 | D:4      | Learned a level 2 spell: Passwall
   701 | D:4      | Reached XP level 5. HP: 41/45 MP: 5/5
   756 | D:4      | Reached skill level 5 in Unarmed Combat
   798 | D:5      | Entered Level 5 of the Dungeon
   920 | D:6      | Reached * piety under Okawaru
   936 | D:6      | Noticed an ogre
   942 | D:6      | Killed an ogre
   942 | D:6      | Reached skill level 1 in Fighting
   942 | D:6      | Reached skill level 1 in Invocations
   942 | D:6      | Reached XP level 6. HP: 35/55 MP: 3/6
   997 | D:6      | Reached skill level 6 in Unarmed Combat
  1024 | D:6      | Reached XP level 7. HP: 48/62 MP: 4/7
  1033 | D:6      | Reached ** piety under Okawaru
  1078 | D:7      | Noticed a hippogriff
  1091 | D:7      | Killed a hippogriff
  1177 | D:5      | Found a deep blue altar of Sif Muna.
  1370 | D:7      | Reached skill level 7 in Unarmed Combat
  1519 | D:7      | Reached XP level 8. HP: 49/74 MP: 6/9
  1572 | D:7      | Noticed a slime creature
  1595 | D:7      | Killed a slime creature
  1724 | D:7      | Reached *** piety under Okawaru
  1763 | D:6      | Reached skill level 8 in Unarmed Combat
  1835 | D:7      | Reached XP level 9. HP: 69/83 MP: 7/10
  1938 | D:8      | Found a snail-covered altar of Cheibriados.
  1998 | D:9      | Noticed a centaur warrior
  2015 | D:9      | Killed a centaur warrior
  2015 | D:9      | Reached skill level 9 in Unarmed Combat
  2097 | D:10     | Entered Level 10 of the Dungeon
  2117 | D:10     | Reached **** piety under Okawaru
  2121 | D:10     | Gained mutation: You are partially covered in rugged brown scales (AC +1, +3% HP). [mutagenic meat]
  2199 | D:10     | Reached skill level 5 in Dodging
  2220 | D:10     | Reached skill level 5 in Invocations
  2319 | D:11     | Found an opulent altar of Gozag.
  2337 | D:10     | Noticed Joseph
  2346 | D:10     | Killed Joseph
  2441 | D:12     | Noticed a hill giant
  2441 | D:12     | Noticed a hill giant
  2475 | D:10     | Noticed a troll
  2497 | D:10     | Gained mutation: Your system is resistant to poisons. [potion of beneficial mutation]
  2500 | D:10     | HP: 4/130 [troll (5)]
  2502 | D:10     | HP: 1/195 [troll (6)]
  2503 | D:10     | Killed a troll
  2503 | D:10     | Reached skill level 10 in Unarmed Combat
  2503 | D:10     | Reached XP level 10. HP: 1/96 MP: 13/13
  2522 | D:10     | Killed from afar by an orc priest

Vault maps used:
D:1:      lightli_arrival_chessboard, minmay_vboxes
D:2:      marbit_many_paths, lemuel_crystal_altar, okawaru_trees_1,
          gammafunk_pakellas_spire_experiment
D:3:      kennysheep_big_flooded_room, fiery_altar_vehumet,
          kiku_gazebo_pond_becter, nicolae_ru_great_annihilating_truth
D:4:      makhleb_altar_promises_db, kennysheep_mini, serial_shops,
          nicolae_shop_behind_doors
D:5:      grunt_temple_overflow_holy_war, kennysheep_mini_moat, first_bread,
          basic_altar, minivault_14, minmay_misc_feat_tower
D:6:      minmay_temple_entry_mist, minmay_misc_feat_enclosed,
          kennysheep_generic_room_5, uniq_pikel
D:7:      lemuel_slime
D:8:      nicolae_overflow_hidden_temple, lair_0_dummy
D:9:      special_room
D:10:     hangedman_ranch, interstate_on_off, lemuel_another_geyser, uniq_joseph
D:11:     erik_orc_1, kennysheep_cross_room, grunt_gozag_statues
D:12:     serial_shops, shop, portal_ice_cave_entry_ice_beasts, spider_trap,
          hangedman_cracks_in_the_wall

Skill      XL: |  1  2  3  4  5  6  7  8  9 |
---------------+----------------------------+-----
Unarmed Combat | 1 3 4 5 6 7 8 10 | 10.0
Fighting       | 1 2 3 4 |  4.6
Dodging        | 2 3 4 5 |  5.2
Invocations    | 1 2 3 5 |  5.4
Stealth        | |  1.1
Spellcasting   | |  1.2
Transmutations | |  0.6
Earth Magic    | |  2.6

Action                   |  1- 3 |  4- 6 |  7- 9 | 10-12 || total
-------------------------+-------+-------+-------+-------++-------
Melee: Unarmed           |    70 |    78 |   320 |    10 ||   478
       Punch             |       |     2 |    12 |       ||    14
 Fire: Blowgun           |       |       |     1 |       ||     1
Invok: Heroism           |       |     2 |    11 |       ||    13
Evoke: Wand              |       |       |     3 |       ||     3
  Use: Potion            |       |       |     9 |       ||     9
       Scroll            |       |       |     1 |       ||     1
 Stab: Invisible         |     1 |       |       |     4 ||     5
       Sleeping          |       |       |     3 |       ||     3
  Eat: Chunk             |     8 |     7 |    14 |       ||    29
Armor: Robe              |    23 |    26 |    93 |       ||   142
       Skin              |       |       |    14 |       ||    14
Dodge: Dodged            |    27 |    44 |   172 |       ||   243
Block: Other             |     7 |    11 |    55 |     1 ||    74
       Reflection        |       |     1 |     1 |       ||     2
